 Dungeon Crawl Stone Soup version 0.29.1-12-g30fa7ad0bf (webtiles) character file.

Game seed: 10549211644734296024

14644 ChadusMaximus the Fighter (level 11, 0/104 HPs)
             Began as a Minotaur Fighter on Dec 18, 2022.
             Was a High Priest of Okawaru.
             Slain by a boulder beetle (7 damage)
             ... on level 10 of the Dungeon.
             The game lasted 00:09:08 (9738 turns).

ChadusMaximus the Fighter (Minotaur Fighter)        Turns: 9738, Time: 00:09:09

Health: 0/104      AC: 21    Str: 26    XL:     11   Next: 91%
Magic:  10/10      EV:  7    Int: 16    God:    Okawaru [*****.]
Gold:   807        SH: 11    Dex:  9    Spells: 10/10 levels left

rFire   + . .      SeeInvis .   C - +11 flail "Killer Bee's Peril" {elec, rF+ Will+ Int+5}
rCold   . . .      Faith    .   c - +0 buckler
rNeg    . . .      Spirit   .   y - +0 plate armour
rPois   .          Reflect  +   j - +2 hat
rElec   .          Harm     .   M - +0 cloak
rCorr   .          Rampage  .   k - +3 pair of gauntlets of War {Slay+5}
Will    +++..                   h - +0 pair of boots
Stlth   ..........              f - amulet of reflection
HPRegen 0.27/turn               F - ring of willpower
MPRegen 0.12/turn               L - ring "Gushromp" {Will+ Int+6}

@: corroded, attractive
A: horns 2, retaliatory headbutt
a: Renounce Religion, Heroism, Finesse, Duel


You were on level 10 of the Dungeon.
You worshipped Okawaru.
Okawaru was extremely pleased with you.
You visited 1 branch of the dungeon, and saw 12 of its levels.

You collected 807 gold pieces.

Inventory:

Hand Weapons
 C - the +11 flail "Killer Bee's Peril" (weapon) {elec, rF+ Will+ Int+5}
   (You found it on level 6 of the Dungeon)

   It occasionally discharges a powerful burst of electricity upon striking a
   foe.
   Int:       It affects your intelligence (+5).
   rF:        It protects you from fire.
   Will:      It increases your willpower.
 X - a +1 vorpal war axe
Missiles
 i - a throwing net (quivered)
 O - 5 javelins
Armour
 b - a +0 scale mail
 c - a +0 buckler (worn)
 h - a +0 pair of boots (worn)
 j - a +2 hat (worn)
 k - the +3 pair of gauntlets of War (worn) {Slay+5}
   (You found it on level 2 of the Dungeon)

   Slay:      It affects your accuracy & damage with ranged weapons and melee
   (+5).
 y - a +0 plate armour (worn)
 M - a +0 cloak (worn)
Jewellery
 f - an amulet of reflection (around neck)
 p - a ring of ice
 E - a ring of protection from cold
 F - a ring of willpower (left hand)
 L - the ring "Gushromp" (right hand) {Will+ Int+6}
   (You found it on level 7 of the Dungeon)

   [ring of intelligence]

   Int:       It affects your intelligence (+6).
   Will:      It increases your willpower.
 Q - a ring of see invisible
Wands
 d - a wand of flame (19)
 u - a wand of quicksilver (17)
 A - a wand of digging (5)
 K - a wand of iceblast (9)
 U - a wand of mindburst (1)
Scrolls
 a - 2 scrolls of identify
 e - 2 scrolls of enchant weapon
 l - 9 scrolls of teleportation
 m - 4 scrolls of poison
 n - 3 scrolls of amnesia
 o - a scroll of fear {unknown}
 r - a scroll of summoning {unknown}
 s - 2 scrolls of enchant armour {unknown}
 t - 3 scrolls of butterflies {unknown}
 v - 2 scrolls of immolation {unknown}
 B - a scroll of blinking {unknown}
 D - a scroll of vulnerability {unknown}
 N - a scroll of brand weapon {unknown}
 R - a scroll of noise {unknown}
 S - a scroll of magic mapping {unknown}
 V - a scroll of acquirement {unknown}
 W - a scroll of silence {unknown}
Potions
 g - 7 potions of curing {unknown}
 q - 2 potions of cancellation {unknown}
 w - 2 potions of haste {unknown}
 x - 3 potions of lignification {unknown}
 z - a potion of ambrosia {unknown}
 H - a potion of might
 I - a potion of mutation {unknown}
 J - a potion of heal wounds {unknown}
 P - a potion of berserk rage {unknown}
 T - a potion of flight {unknown}


   Skills:
 + Level 12.2 Fighting
 + Level 11.9 Axes
 + Level 12.2 Armour
 + Level 12.2 Shields


You had 10 spell levels left.
You didn't know any spells.
Your spell library contained the following spells:

 Spells                   Type           Power      Damage    Failure   Level
 Magic Dart               Conj           0%         1d3       94%         1
 Searing Ray              Conj           0%         2d4       98%         2
 Sublimation of Blood     Necr           0%         N/A       98%         2
 Wereblood                Tmut           0%         N/A       98%         2
 Frozen Ramparts          Ice            0%         1d1       100%        3
 Fulminant Prism          Conj/Hex       0%         3d6       100%        4
 Ice Form                 Ice/Tmut       0%         N/A       100%        4
 Petrify                  Tmut/Erth      0%         N/A       100%        4
 Irradiate                Conj/Tmut      0%         3d11      100%        5
 Summon Small Mammal      Summ           Unusable   N/A       N/A         1
 Call Canine Familiar     Summ           Unusable   N/A       N/A         3
 Summon Guardian Golem    Hex/Summ       Unusable   N/A       N/A         3
 Summon Ice Beast         Ice/Summ       Unusable   N/A       N/A         4
 Summon Hydra             Summ           Unusable   N/A       N/A         7

Dungeon Overview and Level Annotations

Branches:
Dungeon (12/15)            Temple (0/1) D:7            Lair (0/5) D:11
    Orc (0/2) D:9

Altars:
Cheibriados
Dithmenos
Elyvilon
Makhleb
Okawaru
Sif Muna
Trog
Uskayaw
Vehumet
Wu Jian
The Shining One

Shops:
D:5 :   D:10 [[

Annotations:
D:10 1 transporter, Legno's ghost, novice MiBe


Innate Abilities, Weirdness & Mutations

You have a pair of horns on your head.
You reflexively headbutt those who attack you in melee.


Message History

You are no longer corroded.
The orc wizard closely misses you. The yak gores you but does no damage.
You block the skeletal warrior's attack.
Legno's ghost hits you.
You closely miss the skeletal warrior.
You headbutt the skeletal warrior, but do no damage.
The skeletal warrior is severely damaged.
You block the orc wizard's attack. The yak gores you but does no damage.
The skeletal warrior hits you with a +0 glaive.
Legno's ghost hits you but does no damage.
You bludgeon the skeletal warrior!!
You destroy the skeletal warrior!
Okawaru accepts your kill. The orc wizard closely misses you.
You block the yak's attack. Legno's ghost hits you!
You sock the yak!
You kill the yak!
Okawaru accepts your kill.
The orc wizard hits you but does no damage.
The acid dragon spits acid at you. The splash of acid hits you.
The acid corrodes you! You block Legno's ghost's attack.
You closely miss Legno's ghost. You block the orc wizard's attack.
You block the acid dragon's attack. x2
The boulder beetle bites you but does no damage.
Legno's ghost hits you!
* * * LOW HITPOINT WARNING * * *
You closely miss Legno's ghost. The orc wizard closely misses you.
You furiously retaliate!
You headbutt the orc wizard!
You block the acid dragon's attack. x2; The boulder beetle bites you!
* * * LOW HITPOINT WARNING * * *
Legno's ghost hits you.
* * * LOW HITPOINT WARNING * * *
You hit Legno's ghost. Your headbutt misses Legno's ghost.
Legno's ghost is lightly damaged.
The orc wizard casts a spell at you.
The magic dart hits you but does no damage.
The acid dragon bites you but does no damage.
The acid dragon barely misses you. The boulder beetle bites you!
You die...

#........................
######......##...........
#####........##...........
#.........................
#...................#.....
#.......#########.......<.
#......##.......##..#.....
#......#8.o#z#..8#..#.....
#......#.@#...#..#..#.....
#......#WBD......#........
#.....©#[...©....#©.......
#......#(........#........
#......#?.#...#..#...#....
#......#8..#.#..8#...#....
#......##......©##...#....
#.......#########....#....
#....................#....


You could see a boulder beetle, an acid dragon, an orc wizard and Legno's ghost.

Vanquished Creatures
  A boulder beetle (D:12)
  2 two-headed ogres
  A skeletal warrior (D:10)
  2 manticores
  A cyclops (D:11)
  2 slime creatures (D:12)
  An elephant (D:11)
  Psyche (D:9)
  A komodo dragon (D:8)
  4 trolls
  2 hornets (D:9)
  2 shadows
  2 vampires
  2 wyverns
  2 wraiths
  21 yaks
  A basilisk (D:11)
  2 vampire mosquitoes (D:11)
  4 steam dragons
  3 orc warriors
  3 black bears
  8 centaurs
  A phantom (D:6)
  2 kobold brigands (D:6)
  3 bullfrogs
  3 necrophages
  A scorpion (D:5)
  11 killer bees
  3 howler monkeys
  3 jellies
  5 orc priests
  A gnoll bouda (D:4)
  4 hounds
  3 iguanas
  11 orc wizards
  3 gnolls (D:4)
  7 adders
  A white imp (D:7)
  An ufetubus (D:5)
  2 worms
  4 dart slugs
  34 orcs
  14 bats
  9 endoplasms
  6 giant cockroaches
  13 goblins
  6 hobgoblins
  8 jackals
  16 kobolds
  4 quokkas
  9 ball pythons
  2 frilled lizards
  2 rats
260 creatures vanquished.

Vanquished Creatures (others)
  2 kobold brigands (D:8)
  An orc wizard (D:11)
  A fungus (D:11)
4 creatures vanquished.

Grand Total: 264 creatures vanquished

Notes
Turn   | Place    | Note
-------+----------+-------------------------------------------
     0 | D:1      | ChadusMaximus the Minotaur Fighter began the quest for the
                  | Orb.
     0 | D:1      | Reached XP level 1. HP: 19/19 MP: 0/0
   224 | D:1      | Reached XP level 2. HP: 27/27 MP: 1/1
   494 | D:1      | Reached XP level 3. HP: 20/33 MP: 2/2
  1188 | D:2      | Found a faded altar of an unknown god.
  1190 | D:2      | Found the +3 pair of gauntlets of War {Slay+5}
  1388 | D:2      | Reached XP level 4. HP: 40/40 MP: 3/3
  2013 | D:3      | Found a snail-covered altar of Cheibriados.
  2255 | D:4      | Reached XP level 5. HP: 47/47 MP: 4/4
  2402 | D:4      | Reached skill level 5 in Fighting
  2402 | D:4      | Reached skill level 5 in Armour
  2407 | D:4      | Reached skill level 5 in Shields
  2741 | D:4      | Reached XP level 6. HP: 56/56 MP: 5/5
  2911 | D:5      | Entered Level 5 of the Dungeon
  2960 | D:5      | Found a burning altar of Makhleb.
  3172 | D:5      | Found a radiant altar of Vehumet.
  3229 | D:5      | Found Gizoibeep's Book Shoppe.
  3265 | D:5      | Identified the +2 mace of the Hierophant {freeze, Dex+3}
  3292 | D:5      | Found a white marble altar of Elyvilon.
  3529 | D:5      | Found a shimmering blue altar of Sif Muna.
  4014 | D:6      | Found an ornate altar of the Wu Jian Council.
  4051 | D:6      | Reached skill level 5 in Axes
  4051 | D:6      | Reached XP level 7. HP: 54/62 MP: 6/6
  4098 | D:6      | Identified the +11 flail "Killer Bee's Peril" {elec, rF+
                  | Will+ Int+5}
  4198 | D:6      | Identified the +0 chain mail of the Onion {rF+ rN+ Str+3
                  | Int-3 Dex+4}
  4492 | D:6      | Reached XP level 8. HP: 71/71 MP: 7/7
  5020 | D:7      | You fall into a shaft and drop 2 floors!
  5092 | D:9      | Noticed a hornet
  5104 | D:9      | Paralysed by a hornet for 3 turns
  5111 | D:9      | Killed a hornet
  5225 | D:9      | Noticed a two-headed ogre
  5249 | D:9      | Noticed Psyche
  5263 | D:9      | Killed Psyche
  5270 | D:9      | Reached XP level 9. HP: 67/81 MP: 8/8
  5275 | D:9      | Killed a two-headed ogre
  5553 | D:9      | Found a shadowy altar of Dithmenos.
  5624 | D:9      | Found a bloodstained altar of Trog.
  5652 | D:9      | Found a staircase to the Orcish Mines.
  5747 | D:8      | Reached XP level 10. HP: 71/91 MP: 9/9
  6105 | D:8      | Found an iron altar of Okawaru.
  6113 | D:8      | Became a worshipper of Warmaster Okawaru
  6289 | D:8      | Found a hide-covered altar of Uskayaw.
  6677 | D:7      | Reached skill level 10 in Fighting
  6677 | D:7      | Reached skill level 10 in Armour
  6677 | D:7      | Reached skill level 10 in Shields
  6764 | D:7      | Identified the ring "Gushromp" {Will+ Int+6}
  6882 | D:7      | Found a staircase to the Ecumenical Temple.
  7258 | D:9      | Reached * piety under Okawaru
  7345 | D:9      | Reached skill level 10 in Axes
  7563 | D:9      | Reached ** piety under Okawaru
  7906 | D:10     | Entered Level 10 of the Dungeon
  8030 | D:10     | Noticed a manticore
  8037 | D:10     | Killed a manticore
  8210 | D:10     | Reached XP level 11. HP: 101/101 MP: 10/10
  8211 | D:10     | Noticed a boulder beetle
  8215 | D:10     | Found a transporter.
  8216 | D:10     | Found a transporter.
  8216 | D:10     | Noticed Legno's ghost (novice MiBe)
  8227 | D:10     | Reached *** piety under Okawaru
  8267 | D:10     | Noticed a skeletal warrior
  8324 | D:10     | Found Giucoph's Armour Boutique.
  8349 | D:10     | Found Pumu's Armour Shop.
  8525 | D:10     | Noticed a two-headed ogre
  8531 | D:10     | Killed a two-headed ogre
  8549 | D:10     | Found a glowing golden altar of the Shining One.
  8733 | D:11     | Found a staircase to the Lair.
  8799 | D:11     | Reached **** piety under Okawaru
  9473 | D:12     | Noticed a boulder beetle
  9498 | D:12     | Killed a boulder beetle
  9615 | D:12     | Reached ***** piety under Okawaru
  9734 | D:10     | Killed a skeletal warrior
  9738 | D:10     | Slain by a boulder beetle

Illustrated notes

Levels and vault maps discovered:
D:1:      dpeg_arrival_rooms_with_view, layout_loops_ring, minmay_tetromino_l4
D:2:      layout_basic, hellmonk_ecumenical_altar_lost_god
D:3:      layout_rooms, nicolae_overflow_crystal_walls
D:4:      layout_rooms
D:5:      layout_loops_corners, mainiacjoe_overflow_alcove_4, elyvilon_altar_3,
          nicolae_vehumet_altar_sigil, overflow_temple_1_default, serial_shops,
          shop_coins
D:6:      layout_basic, nicolae_wu_jian_immortal_techniques
D:7:      layout_loops_ring, temple_hall
D:8:      layout_basic, nicolae_uskayaw_dance_studio, okawaru_metal_pillars_1_2
D:9:      layout_rooms, grunt_dithmenos_smoke_and_mirrors, marbit_many_paths,
          orc_0_dummy, uniq_psyche
D:10:     layout_basic, nicolae_tso_carved_into_rock, gammafunk_ghost_arena,
          serial_shops, nicolae_shop_behind_doors,
          nicolae_shop_advertising_works [nicolae_subvault_shop_adworks]
D:11:     layout_rooms, david_lair_generic
D:12:     layout_basic

Skill      XL: |  1  2  3  4  5  6  7  8  9 10 11 |
---------------+----------------------------------+-----
Armour         | 4 5 6 8 9 10 12 | 12.2
Shields        | 4 5 6 8 9 10 12 | 12.2
Fighting       | 4 5 6 8 9 10 12 | 12.2
Axes           | 3 4 5 6 7 9 10 11 | 11.9

Action                   |  1- 3 |  4- 6 |  7- 9 | 10-12 || total
-------------------------+-------+-------+-------+-------++-------
Melee: War axe           |   106 |   111 |     3 |       ||   220
       Headbutt          |     8 |    11 |    17 |    53 ||    89
       Flail             |       |       |    96 |   259 ||   355
Invok: Heroism           |       |       |       |     5 ||     5
  Use: Potion            |       |       |     1 |     1 ||     2
       Scroll            |       |       |       |     4 ||     4
Armor: Scale mail        |    52 |    19 |       |       ||    71
       Plate armour      |       |    47 |    74 |   215 ||   336
Dodge: Dodged            |    63 |    29 |    41 |    90 ||   223
Block: Buckler           |    42 |    63 |    71 |   214 ||   390
       Reflection        |     1 |     1 |     4 |    22 ||    28
